 Dungeon Crawl Stone Soup version 0.24-a0-93-ge1bfdf8 (console) character file.

Game seed: 9172576700534338482

6 Duffy the Sneak (level 1, 0/15 HPs)
             Began as a Naga Fire Elementalist on Feb 11, 2019.
             Slain by a goblin (3 damage)
             ... on level 2 of the Dungeon.
             The game lasted 00:00:21 (345 turns).

Duffy the Sneak (Naga Fire Elementalist)             Turns: 345, Time: 00:00:22

Health: 0/15       AC:  1    Str: 10    XL:     1   Next: 90%
Magic:  1/3        EV: 10    Int: 15    God:
Gold:   10         SH:  0    Dex: 11    Spells: 3/4 levels left

rFire    . . .     SeeInvis +   c - ration
rCold    . . .     Gourm    .   (no shield)
rNeg     . . .     Faith    .   a - +0 robe
rPois    +         Spirit   .   (no helmet)
rElec    .         Reflect  .   (no cloak)
rCorr    .         Harm     +   (no gloves)
MR       .....                  (no barding)
Stlth    ++........             h - amulet of harm
HPRegen  0.05/turn              (no ring)
MPRegen  0.08/turn              (no ring)

@: very slightly contaminated, very slow
A: large, see invisible, deformed body, poison resistance, slowness 2, slow
metabolism 1, spit poison 1, AC +0
a: Spit Poison


You were on level 2 of the Dungeon.
You were not hungry.

You visited 1 branch of the dungeon, and saw 2 of its levels.

You collected 10 gold pieces.

Inventory:

Armour
 a - a +0 robe (worn)
Jewellery
 h - an amulet of harm (around neck)
Scrolls
 e - a scroll of teleportation {unknown}
 f - a scroll of fog {unknown}
 g - a scroll of identify {unknown}
Potions
 d - a potion of curing {unknown}
 i - a potion of heal wounds {unknown}
Comestibles
 c - a ration (in hand)


   Skills:
 - Level 1.5 Dodging
 - Level 3.0 Stealth
 - Level 2.0 Spellcasting
 + Level 1.9 Conjurations
 - Level 3.0 Fire Magic


You had 3 spell levels left.
You knew the following spells:

 Your Spells              Type           Power        Failure   Level  Hunger
h - Flame Tongue          Conj/Fire      #....        9%          1    #......

Your spell library contained the following spells:

 Spells                   Type           Power        Failure   Level  Hunger
 Throw Flame              Conj/Fire      #.....       12%         2    ###....
 Conjure Flame            Conj/Fire      #.......     24%         3    ###....
 Inner Flame              Hex/Fire       #.......     34%         3    ###....
 Sticky Flame             Conj/Fire      #.......     63%         4    #####..
 Fireball                 Conj/Fire      #.........   92%         5    ######.


Dungeon Overview and Level Annotations

Branches:
Dungeon (2/15)

Altars:


Innate Abilities, Weirdness & Mutations

You cannot wear boots.
Your serpentine skin is tough. (AC +0)
You have supernaturally acute eyesight. (SInv)
Armour fits poorly on your strangely shaped body.
Your system is resistant to poisons. (rPois)
You cover ground very slowly.
You have a slow metabolism.
You can spit poison.


Message History

Cast which spell? (? or * to list)
You don't have enough magic to cast that spell.
Cast which spell? (? or * to list)
You don't have enough magic to cast that spell.
Cast which spell? (? or * to list)
You don't have enough magic to cast that spell.
Cast which spell? (? or * to list)
You don't have enough magic to cast that spell.
You have got your breath back.
Press: ? - help, Shift-Dir - straight line, f - goblin
Aim: a goblin The splash of poison misses the goblin.
You feel slightly more hungry. The goblin hits you. The goblin hits you. x2
You see here a +0 short sword.
The goblin hits you. The goblin closely misses you.
There is a stone staircase leading up here.
You have got your breath back.
The goblin hits you.
You die...

#.......[...
#........!..
#...........
#.........
#.#.#... #
#.#.#.######
#.#...........
#.#.g)#.#####.
#....@#.#
#.....#.#
#.......#.#
#####.#.#.#
...b#$#
##.###.# ...
#.# #.#


You could see a goblin and a bat.

Vanquished Creatures
  2 giant cockroaches (D:1)
  A ball python (D:2)
  A goblin (D:1)
  A kobold (D:2)
  2 rats (D:1)
7 creatures vanquished.

Notes
Turn   | Place    | Note
-------+----------+-------------------------------------------
     0 | D:1      | Duffy the Naga Fire Elementalist began the quest for the
                  | Orb.
     0 | D:1      | Reached XP level 1. HP: 15/15 MP: 3/3
   345 | D:2      | Slain by a goblin

Levels and vault maps discovered:
D:1:      dpeg_arrival_prison, layout_loops_ring, kennysheep_flooded_box
D:2:      layout_basic, kennysheep_generic_room_7, uniq_sigmund

Action                   || total
-------------------------++-------
 Cast: Flame Tongue      ||     6
 Abil: Spit Poison       ||     5
Dodge: Dodged            ||     1

Table legend:
 A = Non-vault XP
 B = Vault XP
 C = Vault XP percentage of total XP
 D = Non-vault monster count
 E = Vault monster count
 F = Vault count percentage of total count
                 A         B        C        D         E       F
            +---------+---------+-------+---------+---------+-------
      Total |       3 |       6 |  66.7 |       3 |       4 |  57.1
            +---------+---------+-------+---------+---------+-------
        D:1 |       1 |       6 |  85.7 |       1 |       4 |  80.0
        D:2 |       2 |       0 |   0.0 |       2 |       0 |   0.0
            +---------+---------+-------+---------+---------+-------
